Map: Ascension to Aiur LE

Players

Denver - Winner!

  • Race: Zerg Zerg
  • Spawn Location: 5:00

Cloudy

  • Race: Protoss Protoss
  • Spawn Location: 11:00

Event: WCS Valencia 2017

VOD

Have the link to the VOD?

Description

Time

  • Played on: July 13, 2017, 9:46 a.m.
  • Length: 8:59

All games in this series

Show
View Real Time Build Order
Export as new Build Order

Denver Zerg - Winner!

Build Orders: Hatch First 

Get SALT Encoding   

  12  0:01  Drone  
  13  0:12  Overlord  
  13  0:18  Drone  
  14  0:32  Drone x2  
  16  0:36  Drone  
  17  0:52  Hatchery  
  17  0:57  Drone  
  17  0:59  Drone  
  17  1:01  Extractor  
  17  1:15  Spawning Pool  
  16  1:19  Drone  
  16  1:23  Drone  
  18  1:29  Drone  
  19  1:39  Overlord  
  19  1:50  Drone  
  20  2:03  Queen, Metabolic Boost  
  20  2:05  Queen  
  24  2:09  Zergling x2  
  24  2:12  Zergling x2  
  24  2:15  Drone  
  27  2:18  Drone  
  28  2:23  Drone  
  29  2:34  Drone x2  
  31  2:45  Hatchery  
  31  2:47  Drone  
  31  2:48  Drone  
  32  2:53  Overlord  
  32  2:56  Drone  
  33  2:59  Drone  
  33  3:04  Queen  
  36  3:09  Overlord  
  36  3:15  Drone x3  
  36  3:17  Drone  
  40  3:21  Overlord  
  40  3:29  Drone x2  
  40  3:30  Drone x2  
  44  3:38  Lair  
  44  3:40  Drone  
  45  3:45  Drone x4  
  49  3:53  Extractor  
  49  3:55  Extractor, Roach Warren  
  47  3:56  Drone x2  
  47  3:58  Drone  
  47  4:00  Drone  
  50  4:04  Drone  
  50  4:06  Overlord  
  50  4:09  Drone x2  
  53  4:15  Pneumatized Carapace  
  53  4:17  Overlord  
  53  4:23  Queen  
  55  4:25  Overlord  
  55  4:35  Overseer  
  55  4:36  Roach  
  55  4:37  Roach x3  
  62  4:42  Roach x2  
  62  4:43  Overlord  
  66  4:48  Roach x2  
  70  4:53  Roach x2  
  70  4:56  Roach  
  76  5:06  Queen  
  78  5:07  Roach x4  
  86  5:14  Drone  
  86  5:15  Drone x2  
  86  5:16  Overlord  
  86  5:18  Overlord  
  89  5:22  Overlord  
  89  5:24  Overlord  
  89  5:27  Glial Reconstitution  
  89  5:33  Drone  
  89  5:34  Drone x2  
  89  5:35  Drone, Overlord  
  93  5:37  Drone  
  93  5:38  Drone  
  93  5:39  Drone  
  96  5:43  Drone x2  
  96  5:46  Extractor  
  96  5:49  Drone x2, Hydralisk Den  
  98  5:52  Drone  
  98  5:55  Drone x3  
  102  5:59  Drone x2  
  102  6:00  Drone x3  
  102  6:04  Drone  
  108  6:05  Extractor x2  
  108  6:10  Overlord  
  106  6:19  Muscular Augments  
  106  6:20  Overlord  
  106  6:22  Hatchery  
  106  6:24  Hydralisk x2  
  109  6:31  Hydralisk x3  
  115  6:34  Overlord  
  115  6:38  Drone x3  
  118  6:43  Hydralisk x2  
  118  6:44  Hydralisk  
  124  6:49  Hydralisk x3  
  124  6:53  Overlord  
  130  6:56  Hydralisk x2  
  134  7:04  Hydralisk x3  
  134  7:06  Hydralisk  
  142  7:14  Hydralisk x3  
  144  7:24  Roach x5  
  144  7:27  Overlord  
  154  7:30  Overlord  
  154  7:36  Drone  
  155  7:37  Overlord  
  155  7:38  Evolution Chamber, Ravager  
  155  7:39  Ravager x2  
  155  7:41  Ravager, Overlord  
  155  7:43  Overlord  
  146  7:51  Roach  
  146  7:52  Roach x5  
  146  7:55  Overseer  
  146  7:57  Roach  
  146  7:58  Roach x2  
  164  8:02  Roach x2  
  164  8:11  Roach x3  
  164  8:12  Roach x4  
  156  8:17  Roach x3  
  151  8:25  Roach x5  
  157  8:28  Overlord  
  157  8:32  Overlord  
  151  8:38  Roach  
  151  8:39  Roach x4  
Show
View Real Time Build Order
Export as new Build Order

Cloudy Protoss 

Build Orders: 1 Gate Expand, Zealot Archon 

Get SALT Encoding   

  12  0:02  Probe (Chrono Boost)  
  13  0:12  Probe (Chrono Boost)  
  14  0:19  Pylon  
  14  0:23  Probe (Chrono Boost)  
  15  0:37  Probe (Chrono Boost)  
  15  0:40  Gateway  
  16  0:44  Assimilator  
  16  0:48  Probe (Chrono Boost)  
  17  0:58  Probe (Chrono Boost)  
  18  1:09  Probe (Chrono Boost)  
  19  1:22  Nexus  
  19  1:31  Cybernetics Core  
  19  1:41  Probe (Chrono Boost)  
  19  1:44  Assimilator  
  20  1:52  Probe (Chrono Boost)  
  21  1:56  Pylon  
  21  2:02  Probe (Chrono Boost)  
  22  2:09  Warp Gate  
  22  2:13  Probe  
  22  2:15  Adept (Chrono Boost)  
  25  2:25  Probe  
  26  2:32  Pylon, Twilight Council  
  26  2:36  Probe  
  26  2:37  Probe  
  28  2:45  Stalker (Chrono Boost)  
  28  2:47  Probe  
  28  2:49  Probe  
  32  2:57  Probe  
  32  3:02  Charge (Chrono Boost)  
  32  3:03  Probe, Robotics Facility  
  34  3:10  Probe  
  35  3:15  Probe  
  36  3:21  Probe  
  37  3:27  Probe  
  37  3:31  Probe  
  39  3:37  Gateway  
  39  3:38  Gateway  
  39  3:39  Probe  
  40  3:44  Probe  
  40  3:46  Gateway  
  41  3:51  Warp Prism (Chrono Boost)  
  45  3:55  Mothership Core  
  45  4:01  Pylon  
  45  4:02  Probe  
  46  4:06  Assimilator  
  46  4:10  Assimilator  
  46  4:19  Probe x2  
  46  4:23  Pylon  
  48  4:37  Probe x2  
  50  4:42  Templar Archives  
  50  4:45  Zealot x4  
  56  4:49  Probe  
  56  4:50  Probe  
  56  4:52  Observer (Chrono Boost)  
  61  4:58  Pylon  
  61  5:01  Probe  
  60  5:08  Probe, Psionic Storm  
  60  5:12  Immortal (Chrono Boost)  
  60  5:13  Pylon, Probe  
  62  5:20  Probe  
  67  5:25  Probe  
  67  5:26  Gateway x2  
  68  5:30  High Templar  
  68  5:32  High Templar  
  72  5:36  Zealot  
  72  5:40  High Templar  
  76  5:44  Gateway  
  76  5:48  Gateway  
  76  5:54  Nexus  
  76  6:05  Probe x2  
  78  6:26  Forge, Pylon  
  78  6:34  Pylon  
  78  6:35  Pylon  
  78  6:40  Immortal  
  78  6:44  Probe  
  78  6:45  Probe  
  78  6:46  Pylon  
  84  6:47  Pylon  
  84  6:49  High Templar  
  84  6:53  High Templar  
  88  6:55  High Templar x2  
  88  6:56  Zealot  
  88  6:58  Protoss Ground Weapons Level 1 (Chrono Boost)  
  94  7:02  Stalker  
  94  7:05  Probe  
  94  7:06  Probe x2  
  99  7:14  Zealot x2  
  103  7:18  Probe  
  103  7:19  Archon  
  103  7:21  Zealot x2  
  104  7:25  Warp Prism  
  94  7:31  Probe  
  94  7:33  Stalker  
  94  7:34  Stalker x3  
  94  7:35  Probe  
  102  7:37  Probe  
  102  7:39  Robotics Facility  
  102  7:43  Probe  
  104  7:46  High Templar  
  104  7:49  Probe  
  103  7:54  Archon  
  103  7:56  Zealot x4  
  111  8:01  Zealot x3  
  111  8:04  Assimilator  
  117  8:11  Immortal (Chrono Boost)  
  92  8:18  Zealot x4  
  90  8:21  Zealot  
  86  8:31  Zealot x3  
  82  8:41  Zealot x3  
  82  8:47  Zealot x2  
Tags
 
Add a new tag
Caveats
  • Supply blocks, unpowered buildings, or Contaminate may cause inaccurate times.
  • Supply counts are checked every 10 seconds.